 Dungeon Crawl Stone Soup version 0.27.1-1-g398f81649c (webtiles) character file.

Game seed: 6326506952738649670

403 H0rd4k the Insei (level 6, 0/38 HPs)
             Began as an Octopode Transmuter on Sept 13, 2021.
             Slain by Blork the orc (12 damage)
             ... on level 4 of the Dungeon.
             The game lasted 00:02:51 (3312 turns).

H0rd4k the Insei (Octopode Transmuter)              Turns: 3312, Time: 00:02:52

Health: 0/38       AC:  2    Str: 10    XL:     6   Next: 86%
Magic:  7/10       EV: 20    Int: 17    God:
Gold:   92         SH:  0    Dex: 17    Spells: 7/11 levels left

rFire    . . .     SeeInvis .     - Unarmed
rCold    . . .     Faith    .   (shield currently unavailable)
rNeg     . . .     Spirit   .   (helmet currently unavailable)
rPois    x         Reflect  .   (no amulet)
rElec    .         Harm     .   e - ring of wizardry
rCorr    .         Rampage  .   (no ring)
Will     .....                  (no ring)
Stlth    ++........             (no ring)
HPRegen  0.12/turn              (no ring)
MPRegen  0.12/turn              (no ring)
                                (no ring)
                                (no ring)

@: spider-form
A: venomous fangs, almost no armour, (amphibious), 8 rings, tiny, (camouflage
1), (gelatinous body 1), (nimble swimmer 1), (tentacles)
a: End Transformation


You were on level 4 of the Dungeon.
You were a venomous arachnid creature.
You visited 2 branches of the dungeon, and saw 5 of its levels.

You collected 92 gold pieces.

Inventory:

Hand Weapons
 g - a +2 dagger of venom
Missiles
 h - 8 poisoned darts
Magical Staves
 l - a staff of poison
Jewellery
 e - a ring of wizardry (left front leg)
 k - a ring of see invisible
Scrolls
 a - 3 scrolls of teleportation {unknown}
 c - 4 scrolls of identify {unknown}
 f - a scroll of blinking {unknown}
 i - a scroll of fear {unknown}
 m - a scroll of noise {unknown}
 n - a scroll of enchant armour {unknown}
 o - a scroll of vulnerability {unknown}
Potions
 b - a potion of mutation {unknown}
 d - a potion of degeneration {unknown}
 j - a potion of flight {unknown}
 p - a potion of curing {unknown}


   Skills:
 + Level 1.4 Fighting
 + Level 3.0 Dodging
 - Level 1.0 Stealth
 + Level 5.1 Unarmed Combat
 * Level 3.1 Spellcasting
 * Level 3.3 Transmutations
 * Level 2.4 Poison Magic


You had 7 spell levels left.
You knew the following spells:

 Your Spells              Type           Power      Damage    Failure   Level
a - Beastly Appendage     Tmut           28%        N/A       5%          1
b - Spider Form           Tmut/Pois      6%         N/A       14%         3

Your spell library contained the following spells:

 Spells                   Type           Power      Damage    Failure   Level
 Wereblood                Tmut           14%        N/A       8%          2
 Ice Form                 Ice/Tmut       8%         N/A       50%         4


Dungeon Overview and Level Annotations

Branches:
Dungeon (4/15)             Temple (1/1) D:4

Altars:
Elyvilon
Fedhas
Hepliaklqana
Kikubaaqudgha
Makhleb
Nemelex Xobeh
Okawaru
Qazlal
Ru
Sif Muna
Trog
Uskayaw
Vehumet
Wu Jian
Xom
Yredelemnul
Zin
The Shining One

Annotations:
D:3 Jessica, Terence
D:4 exclusion: upstairs, Blork the orc


Innate Abilities, Weirdness & Mutations

You are a venomous arachnid creature.
You have poisonous fangs.
You are tiny and dextrous.
Your spellcasting is less reliable in this form.
Your armour is entirely melded.
You are incapable of wielding weapons or throwing items.
You cannot wear most types of armour.
((You are amphibious.))
You can wear up to eight rings at the same time.
((Your skin changes colour to match your surroundings (Stealth+).))
((Your rubbery body absorbs attacks. (AC +1, EV +1)))
((You are camouflaged near water. (Stealth+)))
((You have tentacles for arms and can constrict up to eight enemies at once.))


Message History

The dart slug bites you but does no damage.
A kobold comes into view. It is wielding a +0 whip.
You tentacle-slap the jackal.
You kill the jackal!
The dart slug completely misses you.
There are monsters nearby!
You tentacle-slap the dart slug. You grab the dart slug.
You squeeze the dart slug, but do no damage.
The dart slug is heavily wounded.
You constrict the dart slug. You tentacle-slap the dart slug.
You squeeze the dart slug.
You kill the dart slug!
The jackal bites you.
You closely miss the jackal. You grab the jackal.
You constrict the jackal, but do no damage.
The jackal misses you.
Blork the orc comes into view.
He is wielding a +4 dire flail of holy wrath.
You tentacle-slap the jackal but do no damage.
You squeeze the jackal.
The jackal is moderately wounded.
You constrict the jackal. The jackal closely misses you.
The jackal bites you but does no damage.
You tentacle-slap the jackal but do no damage.
You squeeze the jackal.
You kill the jackal!
You miss the kobold. You grab the kobold. You constrict the kobold.
You barely miss the kobold. You squeeze the kobold.
You kill the kobold!
Blork the orc closely misses you.
You closely miss Blork the orc. Your grab misses Blork the orc.
You squeeze Blork the orc!
Blork the orc is lightly wounded.
You closely miss Blork the orc. Your grab misses Blork the orc.
Blork the orc is lightly wounded.
Blork the orc hits you with a +4 dire flail of holy wrath!
Casting: Spider Form (dangerous; 6% risk of failure)
Confirm with . or Enter, or press ? or * to list all spells.
You turn into a venomous arachnid creature.
Blork the orc hits you with a +4 dire flail of holy wrath!
You die...

#..........#
####..........# #
#.......#.###.# .##
#.......#.# #.# #..
#.........# #.. ...
#######...#######.#
#...........#
#........o.#
#.......s).+
###........#
#........#
#...###### #...#
#...# #.#># #.###
#.#


You could see Blork the orc.

Vanquished Creatures
  Edmund (D:4)
  A black bear (D:4)
  A scorpion (D:4)
  A hound (D:4)
  A centaur skeleton (D:4)
  An adder (D:2)
  3 dart slugs
  4 orcs
  7 ball pythons
  3 endoplasms
  3 giant cockroaches (D:1)
  4 goblins
  6 hobgoblins
  5 jackals
  2 quokkas
  5 bats
  4 frilled lizards
  4 kobolds
  7 rats
63 creatures vanquished.

Notes
Turn   | Place    | Note
-------+----------+-------------------------------------------
     0 | D:1      | H0rd4k the Octopode Transmuter began the quest for the Orb.
     0 | D:1      | Reached XP level 1. HP: 13/13 MP: 3/3
    76 | D:1      | Reached XP level 2. HP: 18/18 MP: 5/5
   535 | D:1      | Found a faded altar of an unknown god.
   538 | D:1      | Reached XP level 3. HP: 18/23 MP: 6/6
   869 | D:1      | Reached skill level 1 in Stealth
  1098 | D:2      | Learned a level 3 spell: Spider Form
  1597 | D:2      | Reached skill level 4 in Unarmed Combat
  2050 | D:3      | Reached XP level 4. HP: 26/28 MP: 7/7
  2279 | D:3      | Noticed Jessica
  2279 | D:3      | Noticed Terence
  2351 | D:4      | Noticed a black bear
  2363 | D:4      | Killed a black bear
  2364 | D:4      | Reached skill level 1 in Poison Magic
  2364 | D:4      | Reached XP level 5. HP: 26/33 MP: 2/9
  2472 | D:4      | Noticed Edmund
  2504 | D:4      | Reached XP level 6. HP: 38/38 MP: 6/10
  2593 | D:4      | Found a staircase to the Ecumenical Temple.
  2601 | Temple   | Entered the Ecumenical Temple
  2953 | D:4      | Killed Edmund
  2954 | D:4      | Reached skill level 5 in Unarmed Combat
  3206 | D:4      | Found a glowing golden altar of the Shining One.
  3212 | D:4      | Found an iron altar of Okawaru.
  3214 | D:4      | Found a hazy altar of Hepliaklqana.
  3305 | D:4      | Noticed Blork the orc
  3312 | D:4      | Slain by Blork the orc

Illustrated notes

Levels and vault maps discovered:
D:1:      minmay_arrival_semitransparent, layout_basic,
          shapermc_ecumenical_altar_pompeii
D:2:      layout_basic, amcnicky_mini_pool_small, uniq_natasha
D:3:      layout_loops_corners, ashenzari_altar_1, grunt_ministairs_6,
          fountainhead, uniq_jessica, uniq_terence
D:4:      layout_basic, minitemple, minmay_temple_entry_mini_moons,
          uniq_blork_the_orc, uniq_edmund
Temple:   regret_index_temple_generic_petals

Skill      XL: |  1  2  3  4  5  6 |
---------------+-------------------+-----
Stealth        | 1 |  1.0
Unarmed Combat | 4 5 |  5.1
Poison Magic   | 1 2 |  2.4
Transmutations | 3 |  3.3
Dodging        | 3 |  3.0
Spellcasting   | 3 |  3.1
Fighting       | |  1.4

Action                   |  1- 3 |  4- 6 || total
-------------------------+-------+-------++-------
Melee: Unarmed           |    87 |    64 ||   151
       Constrict         |    23 |     4 ||    27
       Tentacles         |    16 |     6 ||    22
       Punch             |     3 |     1 ||     4
 Cast: Spider Form       |     1 |     5 ||     6
 Stab: Sleeping          |    11 |       ||    11
Armor: Skin              |     8 |     5 ||    13
Dodge: Dodged            |    55 |    56 ||   111
